Map: Романтицид РВ

Players

GeNieS - Winner!

  • Race: Protoss Protoss
  • League: Grandmaster
  • Spawn Location: 5:00

IIIIIIIIIIII

  • Race: Terran Terran
  • League: Grandmaster
  • Spawn Location: 11:00

VOD

Have the link to the VOD?

Description

Time

  • Played on: Jan. 14, 2021, 6:56 a.m.
  • Length: 5:58
Show
View Real Time Build Order
Export as new Build Order

GeNieS Protoss - Winner!

Build Orders:  

Get SALT Encoding   

  12  0:02  Probe  
  13  0:14  Probe  
  13  0:18  Pylon  
  14  0:26  Probe  
  15  0:36  Gateway  
  15  0:39  Probe  
  16  0:47  Pylon  
  16  0:51  Probe  
  16  0:55  Assimilator  
  17  1:04  Probe  
  18  1:09  Gateway  
  18  1:16  Probe  
  19  1:24  Cybernetics Core  
  19  1:30  Zealot  
  21  1:34  Probe  
  21  1:39  Assimilator  
  22  1:46  Probe  
  23  1:57  Pylon  
  23  2:00  Stalker (Chrono Boost)  
  25  2:03  Adept (Chrono Boost)  
  27  2:13  Shield Battery  
  23  2:37  Stalker (Chrono Boost)  
  22  2:52  Warp Gate (Chrono Boost)  
  19  3:14  Stalker (Chrono Boost)  
  19  3:17  Probe  
  22  3:29  Gateway, Probe  
  22  3:32  Shield Battery  
  25  3:42  Probe  
  26  3:54  Probe  
  25  4:06  Twilight Council  
  26  4:15  Nexus  
  25  4:20  Pylon  
  25  4:22  Probe  
  24  4:40  Stalker x2  
  24  4:44  Stalker  
  28  5:07  Stalker x3  
  34  5:30  Stalker  
  34  5:31  Stalker  
  34  5:32  Stalker  
  34  5:54  Stalker  
  34  5:55  Stalker  
Show
View Real Time Build Order
Export as new Build Order

IIIIIIIIIIII Terran 

Build Orders:  

Get SALT Encoding   

  12  0:00  SCV  
  13  0:12  SCV  
  14  0:19  Supply Depot  
  14  0:41  Barracks  
  14  0:47  Barracks  
  14  0:51  SCV  
  15  1:04  SCV  
  16  1:05  Refinery  
  16  1:16  SCV  
  17  1:28  Marine  
  17  1:29  Orbital Command  
  18  1:34  Marine  
  19  1:45  Supply Depot  
  19  1:46  Marine  
  20  1:52  Supply Depot  
  20  1:53  Marine  
  20  2:01  SCV  
  20  2:04  Marine  
  20  2:08  Bunker  
  22  2:11  Marine  
  22  2:19  SCV  
  22  2:27  Factory, Marine  
  22  2:29  Marine  
  24  2:32  SCV  
  22  2:45  Marine  
  22  2:46  Marine  
  22  2:52  SCV  
  21  3:03  Marine  
  21  3:04  SCV, Marine  
  21  3:17  Factory Tech Lab  
  21  3:18  SCV  
  20  3:30  SCV  
  21  3:35  Cyclone  
  21  3:37  Mag-Field Accelerator  
  24  3:42  SCV  
  25  3:56  SCV  
  25  4:01  Command Center  
  26  4:10  SCV  
  26  4:12  Supply Depot  
  27  4:22  Cyclone  
  30  4:24  SCV  
  30  4:30  Refinery  
  31  4:36  SCV  
  32  4:45  Starport  
  32  4:48  SCV  
  33  5:00  SCV  
  34  5:10  Cyclone  
  34  5:12  SCV  
  38  5:15  Orbital Command  
  38  5:23  Barracks Reactor  
  38  5:24  SCV  
  35  5:34  Marine  
  32  5:37  SCV  
  30  5:42  SCV  
Tags
 
Add a new tag
Caveats
  • Supply blocks, unpowered buildings, or Contaminate may cause inaccurate times.
  • Supply counts are checked every 10 seconds.